 Dungeon Crawl Stone Soup version 0.30.0-16-gbe6223bb7e (webtiles) character file.

Game seed: 4790535469222094125

16 Twinkles the Chopper (level 2, 0/27 HPs)
             Began as a Hill Orc Monk on May 20, 2023.
             Succumbed to an adder's poison
             ... on level 2 of the Dungeon.
             The game lasted 00:01:09 (832 turns).

Twinkles the Chopper (Hill Orc Monk)                 Turns: 832, Time: 00:01:10

Health: 0/27       AC:  2    Str: 13    XL:     2   Next: 58%
Magic:  2/2        EV: 12    Int: 10    God:
Gold:   88         SH:  0    Dex: 13    Spells: 1/1 levels left

rFire   . . .        a - +0 hand axe
rCold   . . .        d - orb {light}
rNeg    . . .        b - +0 robe
rPois   .            (no helmet)
rElec   .            (no cloak)
rCorr   .            (no gloves)
SInv    .            (no boots)
Will    .....        (no amulet)
Stlth   +            (no ring)
HPRegen 0.24/turn    (no ring)
MPRegen 0.08/turn

%: no passive effects
@: lethally poisoned (0 -> -5), glowing
A: no striking features
a: no special abilities


You were on level 2 of the Dungeon.
You visited 1 branch of the dungeon, and saw 2 of its levels.

You collected 88 gold pieces.

Inventory:

Hand Weapons
 a - a +0 hand axe (weapon)
Missiles
 g - 5 poisoned darts (quivered)
Armour
 b - a +0 robe (worn)
 d - an orb of light (worn)
Scrolls
 c - 2 scrolls of magic mapping {unknown}
 e - a scroll of butterflies {unknown}
 f - a scroll of teleportation {unknown}
 h - a scroll of amnesia {unknown}
 i - a scroll of vulnerability {unknown}
 j - a scroll of identify {unknown}
Potions
 G - a potion of ambrosia


   Skills:
 + Level 4.0 Fighting
 * Level 4.7 Axes
 - Level 2.5 Dodging


You had one spell level left.
You didn't know any spells.
Your spell library was empty.

Dungeon Overview and Level Annotations

Branches:
Dungeon (2/15) Zot: 11165

Altars:


Message History

You slash the adder!
The adder is severely wounded.
You closely miss the adder.
You feel sick. The adder closely misses you. The adder bites you.
You are more poisoned.
The adder poisons you! The adder bites you but does no damage.
The adder bites you.
You are too injured to fight recklessly!
You are too injured to fight recklessly!
You feel sick.
You feel sick.
You hit the adder.
The adder is severely wounded.
You feel sick. The adder barely misses you. The adder closely misses you.
You hit the adder but do no damage.
The adder is severely wounded.
You feel sick. The adder bites you but does no damage.
You hit the adder but do no damage.
The adder is severely wounded.
You feel sick. The adder barely misses you.
You closely miss the adder.
The adder is severely wounded.
You feel sick. The adder bites you.
* * * LOW HITPOINT WARNING * * *
The adder bites you.
* * * LOW HITPOINT WARNING * * *
You closely miss the adder.
The adder is severely wounded.
You feel sick.
You are no longer poisoned.
The adder misses you.
You closely miss the adder.
The adder is severely wounded.
The adder barely misses you. The adder bites you.
* * * LOW HITPOINT WARNING * * *
You are lethally poisoned!
The adder poisons you!
You hit the adder.
You kill the adder!
You die...

# #.## .#...
... ... #.# .
#######..#....
####...@†S.[..#
#..<.####..####
#.#### ..## #
#... .....
..#8### ..###
#..


You could see an adder.

Vanquished Creatures
  An adder (D:2)
  2 ball pythons (D:1)
  2 bats (D:1)
  4 endoplasms (D:1)
  A giant cockroach (D:1)
  A hobgoblin (D:1)
  A kobold (D:1)
  A frilled lizard (D:1)
  3 rats (D:1)
16 creatures vanquished.

Notes
Turn   | Place    | Note
-------+----------+-------------------------------------------
     0 | D:1      | Twinkles the Hill Orc Monk began the quest for the Orb.
     0 | D:1      | Reached XP level 1. HP: 19/19 MP: 1/1
   229 | D:1      | Found a faded altar of an unknown god.
   248 | D:1      | Reached XP level 2. HP: 27/27 MP: 2/2
   829 | D:2      | HP: 7/27 [adder (3)]
   831 | D:2      | HP: 2/27 [adder (3)]
   832 | D:2      | Succumbed to an adder's poison

Illustrated notes

Levels and vault maps discovered:
D:1:      eino_arrival_cavern_a, layout_basic, serial_corexii_hall,
          corexii_hall_statues_u, chequers_hall_statues_corner_a,
          basic_ecumenical_altar, minmay_misc_feat_columns,
          kennysheep_nondescript, minmay_split_cup_large
D:2:      layout_rooms, serial_corexii_hall, chequers_hall_statues_corner_a,
          corexii_hall_statues_i

Skill      XL: |  1  2 |
---------------+-------+-----
Fighting       | 4 |  4.0
Axes           | |  4.7
Dodging        | |  2.5

Action                     || total
---------------------------++-------
  Melee: Hand axe          ||    42
 Armour: Robe              ||     8
  Dodge: Dodged            ||    26
